 Dungeon Crawl Stone Soup version 0.28.0 (webtiles) character file.

Game seed: 1076587940631857210

12497 browni3141 the Covert (level 11, -10/72 HPs)
             Began as a Gargoyle Berserker on Feb 16, 2022.
             Was an Elder of Trog.
             Mangled by a cane toad (14 damage)
             ... on level 1 of the Lair of Beasts.
             The game lasted 00:06:53 (10636 turns).

browni3141 the Covert (Gargoyle Berserker)         Turns: 10636, Time: 00:06:54

Health: -10/72     AC: 20    Str: 28    XL:     11   Next: 94%
Magic:  11/11      EV: 14    Int:  7    God:    Trog [****..]
Gold:   401        SH:  0    Dex: 13    Spells: 10/10 levels left

rFire   . . .      SeeInvis .   F - +0 war axe (flame)
rCold   . . .      Faith    .   (no shield)
rNeg    + . .      Spirit   .   I - +0 acid dragon scales
rPois   ∞          Reflect  .   (no helmet)
rElec   +          Harm     .   (no cloak)
rCorr   +          Rampage  .   (no gloves)
Will    .....                   (no boots)
Stlth   ++++......              (no amulet)
HPRegen 0.22/turn               c - +4 ring of protection
MPRegen 0.12/turn               u - +6 ring of strength

@: on berserk cooldown, slowed, very slow
A: sickness immunity, AC +8, negative energy resistance 1, electricity
resistance, torment resistance 1, petrification resistance
a: Renounce Religion, Berserk, Trog's Hand, Brothers in Arms


You were on level 1 of the Lair of Beasts.
You worshipped Trog.
Trog was greatly pleased with you.
You visited 2 branches of the dungeon, and saw 12 of its levels.

You collected 401 gold pieces.

Inventory:

Hand Weapons
 a - a +0 hand axe
 k - a +0 vorpal war axe
 F - a +0 war axe of flaming (weapon)
Missiles
 J - a throwing net (quivered)
 M - 4 curare-tipped darts
Armour
 b - a +0 animal skin
 m - a +0 chain mail
 I - +0 acid dragon scales (worn)
Jewellery
 c - a +4 ring of protection (left hand)
 u - a +6 ring of strength (right hand)
 A - a ring of ice
 C - a ring of magical power
 L - a ring of see invisible
Wands
 r - a wand of iceblast (8)
 B - a wand of digging (5)
Scrolls
 d - 4 scrolls of identify
 e - a scroll of vulnerability {unknown}
 o - a scroll of noise {unknown}
 p - 3 scrolls of enchant weapon
 q - a scroll of teleportation
 s - 2 scrolls of enchant armour {unknown}
 t - 2 scrolls of magic mapping {unknown}
 v - a scroll of fog {unknown}
 y - 3 scrolls of immolation
 D - a scroll of holy word {unknown}
 G - a scroll of brand weapon {unknown}
 N - a scroll of amnesia {unknown}
Potions
 f - 4 potions of curing {unknown}
 g - 10 potions of ambrosia
 h - 5 potions of berserk rage
 i - 2 potions of degeneration {unknown}
 j - 3 potions of attraction {unknown}
 l - a potion of cancellation {unknown}
 n - 2 potions of mutation {unknown}
 w - a potion of invisibility {unknown}
 x - 3 potions of lignification {unknown}
 z - a potion of haste {unknown}
 E - 2 potions of brilliance {unknown}
 K - a potion of heal wounds {unknown}
 O - a potion of resistance {unknown}
Miscellaneous
 H - a phantom mirror


   Skills:
 + Level 9.8 Fighting
 + Level 8.2 Axes
 + Level 9.6 Armour
 + Level 7.2 Dodging
 + Level 10.0 Stealth


You had 10 spell levels left.
You didn't know any spells.
Your spell library was empty.

Dungeon Overview and Level Annotations

Branches:
Dungeon (11/15)            Temple (0/1) D:6            Lair (1/6) D:8
    Orc: D:9-12

Altars:
Elyvilon
Qazlal
Yredelemnul


Innate Abilities, Weirdness & Mutations

You are immune to sickness and miasma.
Your stone body is resilient. (AC +8)
You are immune to poison.
You resist negative energy. (rN+)
You are resistant to electric shocks. (rElec)
You are resistant to unholy torment.
You are immune to petrification.


Message History

The cane toad stings you but does no damage.
The water moccasin closely misses you.
You hit the cane toad but do no damage.
You hit the water moccasin but do no damage.
The water moccasin barely misses you.
The cane toad stings you but does no damage.
The water moccasin barely misses you.
The cane toad stings you but does no damage.
You barely miss the cane toad. You hit the water moccasin.
You burn the water moccasin.
The water moccasin bites you but does no damage.
The cane toad barely misses you.
The water moccasin bites you but does no damage.
The cane toad barely misses you.
You closely miss the water moccasin.
The water moccasin is lightly wounded.
You hit the cane toad. You burn the cane toad.
The water moccasin barely misses you. The cane toad stings you.
The water moccasin closely misses you. The cane toad stings you!
The water moccasin bites you but does no damage.
You closely miss the cane toad.
The cane toad is lightly wounded.
You completely miss the water moccasin. The cane toad barely misses you.
The water moccasin barely misses you. The cane toad barely misses you.
The water moccasin barely misses you.
You barely miss the cane toad.
The cane toad is lightly wounded.
You closely miss the water moccasin. The water moccasin bites you.
* * * LOW HITPOINT WARNING * * *
The cane toad completely misses you. The water moccasin bites you!
* * * LOW HITPOINT WARNING * * *
The cane toad stings you but does no damage.
You hit the cane toad but do no damage.
The cane toad is lightly wounded.
You slash the water moccasin! You burn the water moccasin.
The water moccasin misses you. The cane toad stings you!
* * * LOW HITPOINT WARNING * * *
The water moccasin bites you but does no damage.
The cane toad stings you!
You die...

..... ##.....P# ..
#.)..# #......##
...#...)# ##.)....#
..#....## #......##
....... ##.....#
#....# #.....## #....#
#.....P#
P+#.#..!.######.....##
......†@............#
.#.P#+F#S...........#
.....#..........#
.............##.P.#
...............+..#[#
...?...........# .#.#
.........#.....# .# .
................ #


You could see a cane toad and a water moccasin.

Vanquished Creatures
  Harold (D:9)
  A two-headed ogre (D:9)
  The ghost of olmar the Cleaver, a novice MiFi (D:8)
  A komodo dragon (Lair:1)
  A kobold demonologist (D:10)
  3 trolls
  A queen bee (D:9)
  Grinder (D:5)
  A hornet (D:9)
  A shadow (D:10)
  Sigmund (D:5)
  A wraith (D:10)
  A vampire (D:9)
  A basilisk (D:8)
  13 yaks
  6 wyverns
  Grum (D:9)
  A steam dragon (D:8)
  An acid dragon (D:8)
  5 water moccasins
  2 orc warriors (D:7)
  3 ice beasts
  2 ogres
  3 wolves (D:9)
  A necrophage (D:8)
  2 phantoms
  2 centaurs (D:9)
  2 kobold brigands
  4 bullfrogs
  4 scorpions
  A wyvern zombie (D:9)
  A wyvern skeleton (D:7)
  24 killer bees (D:9)
  8 howler monkeys (D:8)
  4 centaur zombies
  2 jellies (D:4)
  5 hounds
  5 orc priests
  2 bullfrog skeletons
  3 centaur skeletons
  6 iguanas
  5 orc wizards
  2 howler monkey zombies
  3 gnolls (D:6)
  6 adders
  11 river rats (D:6)
  A shadow imp (D:7)
  An adder skeleton (D:5)
  3 worms (D:4)
  A dart slug (D:4)
  31 orcs
  4 ball pythons
  7 endoplasms
  A giant cockroach (D:3)
  9 goblins
  7 hobgoblins
  3 quokkas
  5 bats
  3 frilled lizards
  17 kobolds
  18 rats
267 creatures vanquished.

Vanquished Creatures (others)
  5 bushes (D:8)
  3 fungi (D:8)
  17 plants (D:8)
25 creatures vanquished.

Grand Total: 292 creatures vanquished

Notes
Turn   | Place    | Note
-------+----------+-------------------------------------------
     0 | D:1      | browni3141 the Gargoyle Berserker began the quest for the
                  | Orb.
     0 | D:1      | Reached XP level 1. HP: 14/14 MP: 1/1
   210 | D:1      | Reached XP level 2. HP: 18/19 MP: 2/2
   365 | D:1      | Reached skill level 1 in Stealth
   537 | D:1      | Found a faded altar of an unknown god.
   584 | D:1      | Reached XP level 3. HP: 15/23 MP: 3/3
   735 | D:1      | Reached ** piety under Trog
  1706 | D:2      | Reached XP level 4. HP: 28/29 MP: 4/4
  1989 | D:3      | Found a basalt altar of Yredelemnul.
  2027 | D:3      | Reached skill level 2 in Stealth
  2222 | D:3      | Found a white marble altar of Elyvilon.
  2439 | D:3      | Reached XP level 5. HP: 10/33 MP: 5/5
  2815 | D:4      | Reached *** piety under Trog
  3153 | D:4      | Reached XP level 6. HP: 36/38 MP: 6/6
  3335 | D:4      | Found a glowing drain.
  3354 | D:4      | Reached skill level 3 in Stealth
  3492 | D:5      | Entered Level 5 of the Dungeon
  3571 | D:5      | Noticed Grinder
  3573 | D:5      | Paralysed by Grinder for 7 turns
  3595 | D:5      | Killed Grinder
  3596 | D:5      | Reached skill level 5 in Fighting
  3596 | D:5      | Reached XP level 7. HP: 44/44 MP: 7/7
  3600 | D:5      | Noticed Sigmund
  3606 | D:5      | Killed Sigmund
  3607 | D:5      | Reached skill level 4 in Stealth
  3700 | D:5      | Reached XP level 8. HP: 37/50 MP: 8/8
  3909 | D:5      | Reached skill level 5 in Armour
  4004 | D:5      | Reached skill level 5 in Stealth
  4647 | D:6      | Reached skill level 5 in Axes
  4716 | D:6      | Noticed a wyvern
  4727 | D:6      | Killed a wyvern
  4743 | D:6      | Found a staircase to the Ecumenical Temple.
  4748 | D:6      | Reached XP level 9. HP: 24/56 MP: 9/9
  4945 | D:6      | Found a stormy altar of Qazlal.
  5689 | D:6      | Reached skill level 6 in Stealth
  5695 | D:6      | Reached **** piety under Trog
  7022 | D:7      | Reached skill level 5 in Dodging
  7262 | D:8      | Reached skill level 7 in Stealth
  7263 | D:8      | Found a runed translucent door.
  7267 | D:8      | Noticed olmar's ghost (novice MiFi)
  7705 | D:8      | Reached XP level 10. HP: 62/63 MP: 10/10
  7777 | D:8      | Found a staircase to the Lair.
  7802 | D:8      | HP: 3/64 [yak (5)]
  8106 | D:8      | Reached skill level 8 in Stealth
  8417 | D:8      | Killed olmar's ghost
  8523 | D:9      | Noticed Harold
  8538 | D:9      | Killed Harold
  8539 | D:9      | Reached XP level 11. HP: 54/69 MP: 11/11
  8610 | D:9      | Noticed a two-headed ogre
  8619 | D:9      | Killed a two-headed ogre
  8941 | D:9      | Reached skill level 9 in Stealth
  9181 | D:9      | HP: 3/71 [killer bee (4)]
  9591 | D:9      | Noticed Grum
  9605 | D:9      | Killed Grum
  9949 | D:10     | Entered Level 10 of the Dungeon
 10132 | D:10     | Noticed a death knight
 10132 | D:10     | Noticed a purple ugly thing
 10139 | D:10     | Noticed a cyclops
 10569 | Lair:1   | Entered Level 1 of the Lair of Beasts
 10620 | Lair:1   | Reached skill level 10 in Stealth
 10636 | Lair:1   | Mangled by a cane toad

Illustrated notes

Levels and vault maps discovered:
D:1:      onia_arrival_pyramid, layout_basic,
          hellmonk_ecumenical_altar_pennies_from_heaven, minivault_23,
          chequers_serial_rivers_micro_a, minmay_pentomino_s2
D:2:      layout_basic, chequers_serial_rivers_small_3
D:3:      layout_rooms, kennysheep_ying_yang, hangedman_abyss_or_decor_stabs
D:4:      layout_rooms, cheibrodos_sewer_entry_bend, serial_bayou_pond_e,
          minmay_misc_feat_tower
D:5:      layout_gridville, uniq_sigmund, uniq_grinder
D:6:      layout_basic, kennysheep_mini_moat, temple_fountains,
          dk_rats_in_the_wall
D:7:      layout_layer_cave
D:8:      layout_loops_ring, minmay_lair_entry_grove, ebering_ghost_inner_flame
D:9:      layout_roguey [special_room_bee], uniq_grum, uniq_harold
D:10:     layout_cross, minmay_misc_feat_chi, minmay_the_grid_2x2
          [minmay_the_grid_odd_star, minmay_the_grid_aliased_spiral,
          minmay_the_grid_spikes, minmay_the_grid_prize_inner_circle]
D:11:     layout_long_grid
Lair:1:   layout_chaotic_city, minivault_24, beast_lair_carwin_2

Skill      XL: |  1  2  3  4  5  6  7  8  9 10 11 |
---------------+----------------------------------+-----
Stealth        | 1 2 3 4 5 7 8 10 | 10.0
Axes           | 3 4 5 6 7 8 |  8.2
Dodging        | 2 3 4 5 6 7 |  7.2
Armour         | 3 4 5 7 8 9 |  9.6
Fighting       | 4 5 6 7 8 9 |  9.8

Action                   |  1- 3 |  4- 6 |  7- 9 | 10-12 || total
-------------------------+-------+-------+-------+-------++-------
Melee: Hand axe          |    99 |       |       |       ||    99
       War axe           |    19 |   137 |   264 |   291 ||   711
       Punch             |       |     1 |     2 |     5 ||     8
Invok: Trog's Hand       |       |     1 |     2 |     3 ||     6
       Berserk           |       |       |     9 |    12 ||    21
Evoke: Wand              |       |       |       |     1 ||     1
  Use: Scroll            |       |       |       |     2 ||     2
       Potion            |       |       |       |     2 ||     2
 Stab: Sleeping          |     4 |     1 |       |     3 ||     8
Armor: Animal skin       |    61 |    41 |       |       ||   102
       Chain mail        |       |    60 |   238 |    61 ||   359
       Acid dragon scale |       |       |       |   202 ||   202
Dodge: Dodged            |    84 |    72 |   172 |   386 ||   714
